A- WEST
LAKE ELSINORE STORM @ LANCASTER JETHAWKS
07/14/2041
 
TOP OF THE 1ST
Lake Elsinore Storm batting - Pitching for Lancaster Jethawks : LHP Charles Brazzi
Pitching: LHP Charles Brazzi
Batting: RHB Renaud Cotichini 0-0: Ball
1-0: Ball
2-0: Foul Ball, location: 5FF
2-1: Foul Ball, location: 3FF
2-2: SINGLE (Line Drive, 4D, EV 98.1 MPH)
Batting: RHB Mike Picot 0-0: Called Strike
0-1: Ball
1-1: Ball
Renaud Cotichini steals 2nd base
2-1: Ball
3-1: Base on Balls
Batting: SHB Max Bowers 0-0: Called Strike
0-1: Ball
1-1: Foul Ball, location: 5F
1-2: Fielders Choice at 2nd, 1-4 (Groundball, 15S, EV 69.4 MPH)
Renaud Cotichini to third
Batting: RHB Rod Roberts 0-0: Called Strike
0-1: Fly out, F9 (Flyball, 9, EV 94.4 MPH)
Runner from 3rd tags up, SCORES, throw by RF
Batting: RHB Chris Patterson 0-0: Ground out 4-3 (Groundball, 4, EV 80.6 MPH)
Top of the 1st over - 1 run, 1 hit, 0 errors, 1 left on base; Lake Elsinore 1 - Lancaster 0
BOTTOM OF THE 1ST
Lancaster Jethawks batting - Pitching for Lake Elsinore Storm : LHP Jeremiah Rodríguez
Pitching: LHP Jeremiah Rodríguez
Batting: LHB David Urbina 0-0: Ground out 1-3 (Groundball, 13S, EV 71.3 MPH)
Batting: LHB David Pérez 0-0: Called Strike
0-1: Foul Ball, location: 7LMF
0-2: Strikes out swinging
Batting: RHB Ty Johnston 0-0: Ball
1-0: Foul Ball, location: 3SF
1-1: Foul Ball, location: 2F
1-2: Ball
2-2: Ball
3-2: SINGLE (Groundball, 34D, EV 97.5 MPH)
Batting: RHB Oscar Burton 0-0: Ball
1-0: Ball
2-0: Ball
3-0: Called Strike
3-1: Base on Balls
Ty Johnston to second
Batting: RHB Kevin Wadley 0-0: Called Strike
0-1: Ball
1-1: Foul Ball, location: 2F
1-2: Ball
2-2: Strikes out swinging
Bottom of the 1st over - 0 runs, 1 hit, 0 errors, 2 left on base; Lake Elsinore 1 - Lancaster 0
TOP OF THE 2ND
Lake Elsinore Storm batting - Pitching for Lancaster Jethawks : LHP Charles Brazzi
Batting: LHB Charlie Fritz 0-0: Ball
1-0: Foul Ball, location: 2F
1-1: Foul Ball, location: 2F
1-2: SINGLE (Flyball, 5D, EV 88.8 MPH)
Batting: RHB Stu Park 0-0: Ball
1-0: Fly out, F8 (Line Drive, 8LD, EV 102.5 MPH)
Batting: RHB Jorge García 0-0: Ball
1-0: Ball
2-0: Called Strike
2-1: Ball
3-1: Called Strike
3-2: Foul Ball, location: 25F
3-2: Base on Balls
Charlie Fritz to second
Batting: RHB Chris Nichols 0-0: Ball
1-0: SINGLE (Line Drive, 4MD, EV 96.9 MPH)
Charlie Fritz to third
Jorge García to second
Batting: RHB Renaud Cotichini 0-0: Ball
1-0: Foul Ball, location: 25F
1-1: Ball
2-1: Ball
3-1: Base on Balls
Charlie Fritz scores
Jorge García to third
Chris Nichols to second
Batting: RHB Mike Picot 0-0: Fly out, F1 (Line Drive, P, EV 65.6 MPH)
Batting: SHB Max Bowers 0-0: Called Strike
0-1: Swinging Strike
0-2: Ball
1-2: Strikes out swinging
Top of the 2nd over - 1 run, 2 hits, 0 errors, 3 left on base; Lake Elsinore 2 - Lancaster 0
BOTTOM OF THE 2ND
Lancaster Jethawks batting - Pitching for Lake Elsinore Storm : LHP Jeremiah Rodríguez
Batting: RHB Héctor Tovar 0-0: Called Strike
0-1: Ball
1-1: SINGLE (Groundball, 6MD, EV 106.3 MPH)
Batting: RHB Jeff Phillips 0-0: Ball
1-0: Foul Ball, location: 3FF
1-1: Ball
2-1: Foul Ball, location: 2F
2-2: Strikes out swinging
Batting: RHB Raúl Solís 0-0: Ball
1-0: TRIPLE (Flyball, 7LM, EV 105.0 MPH)
Héctor Tovar scores
Batting: RHB Bobby King 0-0: Ball
1-0: DOUBLE (Line Drive, 7LS, EV 111.3 MPH)
Raúl Solís scores
Batting: LHB David Urbina 0-0: Ball
1-0: Ball
2-0: Swinging Strike
2-1: Ball
3-1: Base on Balls
Batting: LHB David Pérez 0-0: Called Strike
0-1: Called Strike
0-2: Ball
1-2: Ball
2-2: Ball
3-2: Grounds into double play, 3-6-3 (Groundball, 34S, EV 91.3 MPH)
Bottom of the 2nd over - 2 runs, 3 hits, 0 errors, 1 left on base; Lake Elsinore 2 - Lancaster 2
TOP OF THE 3RD
Lake Elsinore Storm batting - Pitching for Lancaster Jethawks : LHP Charles Brazzi
Batting: RHB Rod Roberts 0-0: Ball
1-0: Ground out 6-3 (Groundball, 56D, EV 104.4 MPH)
Batting: RHB Chris Patterson 0-0: Fly out, F9 (Flyball, 9, EV 90.6 MPH)
Batting: LHB Charlie Fritz 0-0: Called Strike
0-1: Hit by Pitch
Batting: RHB Stu Park 0-0: Fly out, F9 (Flyball, 9S, EV 88.8 MPH)
Top of the 3rd over - 0 runs, 0 hits, 0 errors, 1 left on base; Lake Elsinore 2 - Lancaster 2
BOTTOM OF THE 3RD
Lancaster Jethawks batting - Pitching for Lake Elsinore Storm : LHP Jeremiah Rodríguez
Batting: RHB Ty Johnston 0-0: Foul Ball, location: 2F
0-1: Ground out 6-3 (Groundball, 6S, EV 89.4 MPH)
Batting: RHB Oscar Burton 0-0: Called Strike
0-1: Swinging Strike
0-2: Fly out, F6 (Popup, 6, EV 61.3 MPH)
Batting: RHB Kevin Wadley 0-0: Ball
1-0: Called Strike
1-1: Foul Ball, location: 2F
1-2: Ball
2-2: Fly out, F8 (Flyball, 8RM, EV 88.1 MPH)
Bottom of the 3rd over - 0 runs, 0 hits, 0 errors, 0 left on base; Lake Elsinore 2 - Lancaster 2
TOP OF THE 4TH
Lake Elsinore Storm batting - Pitching for Lancaster Jethawks : LHP Charles Brazzi
Batting: RHB Jorge García 0-0: Ball
1-0: Fly out, F7 (Flyball, 7, EV 80.0 MPH)
Batting: RHB Chris Nichols 0-0: Ball
1-0: Ball
2-0: Ground out 4-3 (Groundball, 4, EV 88.1 MPH)
Batting: RHB Renaud Cotichini 0-0: Called Strike
0-1: Fly out, F2 (Popup, 2LF, EV 93.1 MPH)
Top of the 4th over - 0 runs, 0 hits, 0 errors, 0 left on base; Lake Elsinore 2 - Lancaster 2
BOTTOM OF THE 4TH
Lancaster Jethawks batting - Pitching for Lake Elsinore Storm : LHP Jeremiah Rodríguez
Batting: RHB Héctor Tovar 0-0: Ball
1-0: Foul Ball, location: 2F
1-1: Swinging Strike
1-2: Foul Ball, location: 2F
1-2: Ball
2-2: Ball
3-2: Foul Ball, location: 3FF
3-2: Foul Ball, location: 2F
3-2: Base on Balls
Batting: RHB Jeff Phillips 0-0: Bunted foul
0-1: Bunt missed!
0-2: Ball
1-2: Foul Ball, location: 2F
1-2: Fly out, F3 (Popup, 3S, EV 39.4 MPH)
Batting: RHB Raúl Solís 0-0: Fly out, F5 (Popup, 56S, EV 76.3 MPH)
Batting: RHB Bobby King 0-0: Fly out, F7 (Flyball, 7LSF, EV 97.5 MPH)
Bottom of the 4th over - 0 runs, 0 hits, 0 errors, 1 left on base; Lake Elsinore 2 - Lancaster 2
TOP OF THE 5TH
Lake Elsinore Storm batting - Pitching for Lancaster Jethawks : LHP Charles Brazzi
Batting: RHB Mike Picot 0-0: Ball
1-0: Ball
2-0: Fly out, F7 (Line Drive, 7, EV 89.4 MPH)
Batting: SHB Max Bowers 0-0: Ball
1-0: Foul Ball, location: 2F
1-1: Ball
2-1: Foul Ball, location: 2F
2-2: Ball
3-2: Base on Balls
Batting: RHB Rod Roberts 0-0: Ball
1-0: Ball
2-0: Ball
3-0: Base on Balls
Max Bowers to second
Batting: RHB Chris Patterson 0-0: Called Strike
0-1: Ball
1-1: Grounds into double play, 6-4-3 (Groundball, 6, EV 81.9 MPH)
Top of the 5th over - 0 runs, 0 hits, 0 errors, 1 left on base; Lake Elsinore 2 - Lancaster 2
BOTTOM OF THE 5TH
Lancaster Jethawks batting - Pitching for Lake Elsinore Storm : LHP Jeremiah Rodríguez
Batting: LHB David Urbina 0-0: Swinging Strike
0-1: Ball
1-1: Foul Ball, location: 2F
1-2: Ball
2-2: Ball
3-2: Ground out U3 (Groundball, 3S, EV 85.0 MPH)
Batting: LHB David Pérez 0-0: Ball
1-0: Ball
2-0: Ball
3-0: Called Strike
3-1: Ground out 6-3 (Groundball, 6, EV 85.6 MPH)
Batting: RHB Ty Johnston 0-0: Ball
1-0: Called Strike
1-1: Ball
2-1: Called Strike
2-2: Strikes out swinging
Bottom of the 5th over - 0 runs, 0 hits, 0 errors, 0 left on base; Lake Elsinore 2 - Lancaster 2
TOP OF THE 6TH
Lake Elsinore Storm batting - Pitching for Lancaster Jethawks : LHP Charles Brazzi
Batting: LHB Charlie Fritz 0-0: Foul Ball, location: 7LSF
0-1: Ball
1-1: Ball
2-1: Fly out, F8 (Line Drive, 8LM, EV 98.8 MPH)
Batting: RHB Stu Park 0-0: Swinging Strike
0-1: Ball
1-1: Ball
2-1: Swinging Strike
2-2: Foul Ball, location: 23F
2-2: Foul Ball, location: 25F
2-2: Foul Ball, location: 5F
2-2: Strikes out swinging
Batting: RHB Jorge García 0-0: Ball
1-0: Ball
2-0: Ball
3-0: Base on Balls
Pitching: RHP Jimmy Clark
Batting: RHB Chris Nichols 0-0: Swinging Strike
0-1: Foul Ball, location: 9LDF
0-2: Foul Ball, location: 2F
0-2: Ball
1-2: Strikes out swinging
Top of the 6th over - 0 runs, 0 hits, 0 errors, 1 left on base; Lake Elsinore 2 - Lancaster 2
BOTTOM OF THE 6TH
Lancaster Jethawks batting - Pitching for Lake Elsinore Storm : LHP Jeremiah Rodríguez
Pitching: RHP Héctor Moreno
Batting: RHB Oscar Burton 0-0: Called Strike
0-1: Ball
1-1: Ball
2-1: Ball
3-1: Called Strike
3-2: Reached via error on a dropped throw from SS, E3 (Groundball, 6, EV 83.8 MPH)
Batting: RHB Kevin Wadley 0-0: Called Strike
Oscar Burton steals 2nd base
0-1: Ball
1-1: Called Strike
1-2: Ball
2-2: Foul Ball, location: 23F
2-2: Strikes out swinging
Batting: RHB Héctor Tovar 0-0: Ball
Oscar Burton steals 3rd base
1-0: Fly out, F8 (Flyball, 8RD, EV 103.8 MPH)
Runner from 3rd tags up, SCORES, throw by CF
Batting: RHB Jeff Phillips 0-0: Called Strike
0-1: Ground out 6-3 (Groundball, 6, EV 80.6 MPH)
Bottom of the 6th over - 1 run, 0 hits, 1 error, 0 left on base; Lake Elsinore 2 - Lancaster 3
TOP OF THE 7TH
Lake Elsinore Storm batting - Pitching for Lancaster Jethawks : RHP Jimmy Clark
Batting: RHB Renaud Cotichini 0-0: Ball
1-0: Called Strike
1-1: Foul Ball, location: 2F
1-2: Ball
2-2: Ball
3-2: Foul Ball, location: 7LSF
3-2: Foul Ball, location: 9LDF
3-2: SINGLE (Groundball, 34D, EV 100.0 MPH)
Pinch Hitting: RHB Dave Gunther 0-0: Ball
Renaud Cotichini steals 2nd base
1-0: Ground out 4-3 (Groundball, 4, EV 81.9 MPH)
Renaud Cotichini to third
Batting: SHB Max Bowers 0-0: Ball
1-0: Called Strike
1-1: Foul Ball, location: 25F
1-2: Foul Ball, location: 7LDF
1-2: Ball
2-2: Foul Ball, location: 2F
2-2: Strikes out looking
Batting: RHB Rod Roberts 0-0: Called Strike
0-1: Ball
1-1: Foul Ball, location: 2F
1-2: Ball
2-2: DOUBLE (Line Drive, 7LM, EV 103.8 MPH)
Renaud Cotichini scores
Batting: RHB Chris Patterson 0-0: Ball
1-0: Ball
2-0: Called Strike
2-1: Ground out 6-3 (Groundball, 6, EV 103.1 MPH)
Top of the 7th over - 1 run, 2 hits, 0 errors, 1 left on base; Lake Elsinore 3 - Lancaster 3
BOTTOM OF THE 7TH
Lancaster Jethawks batting - Pitching for Lake Elsinore Storm : RHP Héctor Moreno
Now in LF: Dave Gunther
Pinch Hitting: RHB Mike Jenkins 0-0: Ball
1-0: Swinging Strike
1-1: Ball
2-1: DOUBLE (Flyball, 8RXD, EV 107.5 MPH)
Batting: RHB Bobby King 0-0: Called Strike
0-1: Ball
1-1: Foul Ball, location: 5SF
1-2: Strikes out looking
Batting: LHB David Urbina 0-0: Ball
1-0: Foul Ball, location: 2F
1-1: Ball
2-1: Ball
3-1: Base on Balls
Pitching: RHP Jerry Myers
Batting: LHB David Pérez 0-0: Ball
1-0: Ball
2-0: Foul Ball, location: 25FF
2-1: Ground out 5-3 (Groundball, 56S, EV 63.8 MPH)
Mike Jenkins to third
David Urbina to second
Batting: RHB Ty Johnston 0-0: Ground out 5-3 (Groundball, 56, EV 85.6 MPH)
Bottom of the 7th over - 0 runs, 1 hit, 0 errors, 2 left on base; Lake Elsinore 3 - Lancaster 3
TOP OF THE 8TH
Lake Elsinore Storm batting - Pitching for Lancaster Jethawks : RHP Jimmy Clark
Now at 3B: Edgardo Rodríguez
Batting: LHB Charlie Fritz 0-0: SINGLE (Line Drive, 7LM, EV 98.8 MPH)
Pinch Hitting: RHB Juan Sánchez 0-0: Swinging Strike
0-1: Swinging Strike
0-2: Strikes out looking
Pinch Hitting: SHB Jim Blackwell 0-0: Swinging Strike
0-1: Called Strike
0-2: Ball
1-2: Ball
2-2: Strikes out looking
Pinch Hitting: RHB Randy Lang 0-0: Ball
1-0: Called Strike
1-1: SINGLE (Groundball, 4MD, EV 101.9 MPH)
Charlie Fritz to second
Runner from 2nd tries for 3rd, OUT! 8-5
Top of the 8th over - 0 runs, 2 hits, 0 errors, 1 left on base; Lake Elsinore 3 - Lancaster 3
BOTTOM OF THE 8TH
Lancaster Jethawks batting - Pitching for Lake Elsinore Storm : RHP Jerry Myers
Now at 1B: Jim Blackwell
Now at 2B: Josh Thomas
Now at 3B: Randy Lang
Batting: RHB Oscar Burton 0-0: Ball
1-0: Ball
2-0: Ball
3-0: Base on Balls
Pinch Hitting: LHB Petro Heerland 0-0: SINGLE (Groundball, 56D, EV 102.5 MPH)
Oscar Burton to second
Batting: RHB Héctor Tovar 0-0: Ball
Oscar Burton steals 3rd base
1-0: Ball
2-0: Ball
3-0: Called Strike
3-1: Fly out, F4 (Popup, 4S, EV 78.8 MPH)
Batting: RHB Jeff Phillips 0-0: Called Strike
0-1: Fly out, F3 (Popup, 3F, EV 47.5 MPH)
Pinch Hitting: RHB Doug Pope 0-0: Ball
1-0: Ball
2-0: Foul Ball, location: 9LSF
2-1: Called Strike
2-2: Ball
3-2: Ground out 6-3 (Groundball, 6, EV 98.1 MPH)
Bottom of the 8th over - 0 runs, 1 hit, 0 errors, 2 left on base; Lake Elsinore 3 - Lancaster 3
TOP OF THE 9TH
Lake Elsinore Storm batting - Pitching for Lancaster Jethawks : RHP Jimmy Clark
Now at 3B: Orlando Rodríguez
Now in CF: Joaquín Orosco
Now in RF: David Pérez
Batting: RHB Renaud Cotichini 0-0: Ground out 6-3 (Groundball, 6S, EV 80.6 MPH)
Batting: RHB Dave Gunther 0-0: Ball
1-0: Called Strike
1-1: Ball
2-1: Called Strike
2-2: Foul Ball, location: 9LMF
2-2: Ball
3-2: Foul Ball, location: 2F
3-2: Ground out 6-3 (Groundball, 6, EV 105.6 MPH)
Batting: SHB Max Bowers 0-0: Ball
1-0: Called Strike
1-1: Ball
2-1: Foul Ball, location: 7LMFF
2-2: Strikes out swinging
Top of the 9th over - 0 runs, 0 hits, 0 errors, 0 left on base; Lake Elsinore 3 - Lancaster 3
BOTTOM OF THE 9TH
Lancaster Jethawks batting - Pitching for Lake Elsinore Storm : RHP Jerry Myers
Pinch Hitting: RHB Derek Law 0-0: Called Strike
0-1: Foul Ball, location: 2F
0-2: Strikes out swinging
Batting: LHB David Urbina 0-0: Foul Ball, location: 9LDF
0-1: Foul Ball, location: 2RF, Error on foul ball, E2
0-2: Foul Ball, location: 3FF
0-2: Ball
1-2: Ball
2-2: Foul Ball, location: 2F
2-2: Ball
3-2: Base on Balls
Batting: LHB David Pérez 0-0: Sac Bunt to 15S - play at first, batter OUT! 1-3
David Urbina to second
Batting: RHB Ty Johnston 0-0: Ball
1-0: Ball
2-0: Ball
3-0: Called Strike
3-1: SINGLE (Groundball, 6MD, EV 103.1 MPH)
David Urbina to third
Throwing error, E8
David Urbina scores
Bottom of the 9th over - 1 run, 1 hit, 2 errors, 1 left on base; Lake Elsinore 3 - Lancaster 4
Monday, April 1st , 2024 - OOTP Baseball 24.10 Build 82